 Dungeon Crawl Stone Soup version 0.29-a0-541-gaf1fc19f1b (webtiles) character file.

Game seed: 4821636487931817373

9 happo123 the Sneak (level 2, -2/15 HPs)
             Began as a Kobold Enchanter on June 2, 2022.
             Slain by a quokka (3 damage)
             ... on level 1 of the Dungeon.
             The game lasted 00:00:25 (131 turns).

happo123 the Sneak (Kobold Enchanter)                Turns: 131, Time: 00:00:26

Health: -2/15      AC:  2    Str:  5    XL:     2   Next: 20%
Magic:  5/5        EV: 15    Int: 16    God:
Gold:   16         SH:  0    Dex: 15    Spells: 5/5 levels left

rFire   . . .      SeeInvis .   a - +1 dagger
rCold   . . .      Faith    .   (no shield)
rNeg    . . .      Spirit   .   b - +0 robe
rPois   .          Reflect  .   (no helmet)
rElec   .          Harm     .   (no cloak)
rCorr   .          Rampage  .   (no gloves)
Will    .....                   (no boots)
Stlth   ++++......              (no amulet)
HPRegen 0.05/turn               (no ring)
MPRegen 0.09/turn               (no ring)

@: no status effects
A: small, no large weapons, nightstalker 3
a: no special abilities


You were on level 1 of the Dungeon.
You visited 1 branch of the dungeon, and saw 1 of its levels.

You collected 16 gold pieces.

Inventory:

Hand Weapons
 a - a +1 dagger (weapon)
Armour
 b - a +0 robe (worn)
Scrolls
 d - a scroll of amnesia {unknown}
Potions
 c - 2 potions of invisibility


   Skills:
 + Level 0.3 Fighting
 + Level 1.7 Short Blades
 + Level 2.6 Dodging
 + Level 4.2 Stealth
 + Level 2.3 Spellcasting
 * Level 3.1 Hexes


You had 5 spell levels left.
You didn't know any spells.
Your spell library contained the following spells:

 Spells                   Type           Power      Damage    Failure   Level
 Ensorcelled Hibernation  Hex/Ice        12%        N/A       16%         2
 Confusing Touch          Hex            11%        N/A       17%         3
 Tukima's Dance           Hex            11%        N/A       17%         3
 Dazzling Flash           Conj/Hex       12%        N/A       32%         3


Dungeon Overview and Level Annotations

Branches:
Dungeon (1/15)

Altars:


Innate Abilities, Weirdness & Mutations

You are small and have problems with some larger weapons.
You are completely attuned to the shadows.


Message History

The ball python barely misses you. The ball python misses you.
You hit the ball python.
You kill the ball python!
You have reached level 2!
You barely miss the ball python. The ball python barely misses you.
The ball python closely misses you.
You barely miss the ball python. The ball python bites you.
The ball python closely misses you.
You barely miss the ball python. The ball python barely misses you.
The ball python completely misses you.
You closely miss the ball python. The ball python closely misses you.
The ball python barely misses you.
You hit the ball python.
The ball python is severely wounded.
The ball python barely misses you. The ball python grabs you.
The ball python constricts you. The ball python misses you.
The ball python constricts you.
You hit the ball python.
You kill the ball python!
You hit the hobgoblin.
The hobgoblin is heavily wounded.
The hobgoblin hits you.
You hit the hobgoblin but do no damage.
The hobgoblin is heavily wounded.
The hobgoblin closely misses you.
You barely miss the hobgoblin.
The hobgoblin is heavily wounded.
A quokka comes into view.
The hobgoblin misses you.
You barely miss the hobgoblin.
The hobgoblin is heavily wounded.
The hobgoblin completely misses you.
You hit the hobgoblin.
The hobgoblin is almost dead.
The hobgoblin hits you.
* * * LOW HITPOINT WARNING * * *
You hit the hobgoblin.
You kill the hobgoblin!
You hit the quokka but do no damage. The quokka bites you.
You die...

######## #....... .
##....... > ...:.....
. #....... .
(##....... ....?.....
##...##### ###r# #@#
#.#### #.....
###.....
########.......
#######........#.....
........########.....
######### ######


You could see a quokka.

Vanquished Creatures
  An endoplasm (D:1)
  A goblin (D:1)
  2 hobgoblins (D:1)
  3 ball pythons (D:1)
  A rat (D:1)
8 creatures vanquished.

Notes
Turn   | Place    | Note
-------+----------+-------------------------------------------
     0 | D:1      | happo123 the Kobold Enchanter began the quest for the Orb.
     0 | D:1      | Reached XP level 1. HP: 10/10 MP: 3/3
   119 | D:1      | Reached XP level 2. HP: 11/15 MP: 5/5
   131 | D:1      | Slain by a quokka

Illustrated notes

Levels and vault maps discovered:
D:1:      giann_wishing_wells, layout_rooms,
          hellmonk_ecumenical_altar_arch_garden, corexii_corridor_pit

Action                   || total
-------------------------++-------
Melee: Dagger            ||    23
 Stab: Sleeping          ||     3
Armor: Robe              ||     1
Dodge: Dodged            ||    18

Table legend: (Time is in decaauts)
 A = Elapsed time spent in this place.
 B = Non-inter-level travel time spent in this place.
 C = Inter-level travel time spent in this place.
 D = Time resting spent in this place.
 E = Time spent auto-exploring this place.
 F = Levels seen in this place.
 G = Mean time per level.
                   A        B        C        D        E       F      G
               +--------+--------+--------+--------+--------+-----+--------+
         Total |    129 |    126 |      3 |      0 |     85 |   1 |  129.0 |
       Dungeon |    129 |    126 |      3 |      0 |     85 |   1 |  129.0 |
               +--------+--------+--------+--------+--------+-----+--------+

Top non-repeatable levels by time:
     D:1: 129 daAuts
